 Dungeon Crawl Stone Soup version 0.31-a0-667-g39726597b9 (webtiles) character file.

Game seed: 11328798588005857705

238 Revguard the Changeling (level 5, -2/44 HPs)
             Began as a Draconian Shapeshifter on Sept 4, 2023.
             Slain by Robin
             ... wielding a +1 spear of venom
              (6 damage)
             ... on level 2 of the Dungeon.
             The game lasted 00:03:57 (1429 turns).

Revguard the Changeling (Draconian Shapeshifter)    Turns: 1429, Time: 00:03:58

Health: -2/44      AC:  5    Str: 16    XL:     5   Next: 78%
Magic:  5/5        EV: 12    Int: 10    God:
Gold:   122        SH:  0    Dex: 13    Spells: 4/4 levels left

rFire   . .          .
                       - Unarmed
rCold   . . .        (no shield)
rNeg    . . .        (body armour unavailable)
rPois   .            (helmet currently unavailable)
rElec   .            (cloak currently unavailable)
rCorr   .            (gloves currently unavailable)
SInv    .            (boots currently unavailable)
Will    .....        (no amulet) Stlth
                     (no ring)
HPRegen 0.27/turn    (no ring)
MPRegen 0.09/turn

%: no passive effects
@: lethally poisoned (-2 -> -6), beast-form, silenced
A: beast (slay +2), AC +5, unfitting armour, cold-blooded
a: Begin Untransformation


You were on level 2 of the Dungeon.
You were a hulking beast.
You visited 1 branch of the dungeon, and saw 2 of its levels.

You collected 122 gold pieces.

Inventory:

Talismans
 b - a beast talisman (active)
 c - a flux talisman
Scrolls
 h - a scroll of enchant armour {unknown}


   Skills:
 + Level 2.9 Fighting
 + Level 2.9 Dodging
 + Level 3.9 Unarmed Combat
 - Level 0.1 Invocations
 - Level 0.2 Evocations
 * Level 4.4 Shapeshifting


You had 4 spell levels left.
You didn't know any spells.
Your spell library was empty.

Dungeon Overview and Level Annotations

Branches:
Dungeon (2/15)

Altars:

Annotations:
D:2 Robin


Innate Abilities, Weirdness & Mutations

You are a hulking beast.
Your limbs bulge with bestial killing power. (Slay +2)
Your plain brown scales are hard. (AC +5)
You cannot fit into any form of body armour.
You are cold-blooded and may be slowed by cold attacks.


Message History

* * * LOW HITPOINT WARNING * * *
The goblin barely misses you.
The goblin is engulfed in poison gas.
The goblin is poisoned.
You kill the goblin!
As you read the scroll labelled EXABBOMITS, it crumbles to dust.
Your body is wracked with pain!
* * * LOW HITPOINT WARNING * * *
The goblin convulses!
The hobgoblin convulses! x2; Robin convulses!
It was a scroll of torment.
The goblin barely misses you.
As you read the scroll labelled HETRYD VESSY, it crumbles to dust.
You hear a loud clanging noise!
It was a scroll of noise.
You hear a shout!
You hear an angry hiss. x2
The goblin hits you but does no damage.
As you read the scroll labelled JISMOI LIMIRPH, it crumbles to dust.
A profound silence engulfs you.
It was a scroll of silence.
Robin throws the goblin at you!
The goblin is engulfed in poison gas.
The goblin is poisoned.
The goblin closely misses you. The goblin misses you.
You hit the goblin.
Your tail-slap misses the goblin.
The goblin is heavily wounded.
The goblin is engulfed in poison gas.
The goblin looks even sicker.
You kill the goblin!
The goblin misses you.
You hit the goblin.
You kill the goblin!
The hobgoblin throws a stone.
The stone hits you.
* * * LOW HITPOINT WARNING * * *
You aren't carrying any pieces of jewellery.
Unknown command.
You aren't carrying any potions.
Unknown command.
You hit the hobgoblin.
You kill the hobgoblin!
Robin hits you but does no damage.
You are lethally poisoned!
* * * LOW HITPOINT WARNING * * *
You feel sick.
A rat comes into view.
Robin hits you with a +1 spear of venom.
You die...

#...................,,,,
#..........gr.....#***,,
#.......§§§○§☼....###.,,
##......§☼§§§..........,
###....?☼§§☼...........,
###.####§§○............,
##§§####g.............,,
#○○§§###g.............,,
####☼○☼h######.#.[#.###*
#######.§§####...##...##
#########§§☼##..###....#
###########§§§§.####....
#############§§........[
############..#)#####...
############.##)####....
############.##.##...##.
############.##.#..#####


You could see Robin, 2 hobgoblins and a rat (wandering).

Vanquished Creatures
  Sigmund (D:2)
  A gnoll (D:1)
  A worm (D:2)
  3 dart slugs (D:1)
  2 ball pythons (D:1)
  7 endoplasms
  2 giant cockroaches (D:1)
  14 goblins
  4 hobgoblins
  2 jackals (D:2)
  2 bats (D:1)
  A frilled lizard (D:1)
  3 kobolds (D:1)
  2 rats (D:1)
45 creatures vanquished.

Notes
Turn   | Place    | Note
-------+----------+-------------------------------------------
     0 | D:1      | Revguard the Draconian Shapeshifter began the quest for the
                  | Orb.
     0 | D:1      | Reached XP level 1. HP: 16/16 MP: 1/1
   173 | D:1      | Reached XP level 2. HP: 22/23 MP: 2/2
   560 | D:1      | Reached XP level 3. HP: 25/29 MP: 3/3
  1328 | D:2      | Noticed Robin
  1364 | D:2      | Noticed Sigmund
  1393 | D:2      | HP: 2/43 [something (7)]
  1399 | D:2      | Killed Sigmund
  1400 | D:2      | Reached skill level 4 in Shapeshifting
  1400 | D:2      | Reached XP level 4. HP: 4/37 MP: 4/4
  1400 | D:2      | Reached XP level 5. HP: 5/44 MP: 5/5
  1429 | D:2      | Slain by Robin

Illustrated notes

Levels and vault maps discovered:
D:1:      amcnicky_arrival_single_pillar, layout_loops_corners,
          serial_bayou_lagoon_a, nicolae_eternal_life, serial_bayou_pond_d,
          st_stairs_1
D:2:      layout_rooms, bh_walls_and_bars, uniq_sigmund, uniq_robin

Skill      XL: |  1  2  3 |
---------------+----------+-----
Dodging        | 2 |  2.9
Fighting       | 2 |  2.9
Shapeshifting  | 4 |  4.4
Unarmed Combat | |  3.9
Invocations    | |  0.1
Evocations     | |  0.2

Action                     |  1- 3 |  4- 6 || total
---------------------------+-------+-------++-------
  Melee: Unarmed           |   112 |     6 ||   118
         Tailslap          |    10 |       ||    10
    Use: Potion            |     3 |       ||     3
         Scroll            |       |     5 ||     5
   Stab: Sleeping          |     3 |       ||     3
 Armour: Skin              |    60 |     8 ||    68
  Dodge: Dodged            |    44 |     7 ||    51

Table legend: (Time is in decaauts)
 A = Elapsed time spent in this place.
 B = Non-inter-level travel time spent in this place.
 C = Inter-level travel time spent in this place.
 D = Time resting spent in this place.
 E = Time spent auto-exploring this place.
 F = Levels seen in this place.
 G = Mean time per level.
                   A        B        C        D        E       F      G
               +--------+--------+--------+--------+--------+-----+--------+
         Total |   1434 |   1431 |      3 |     93 |    994 |   2 |  717.0 |
       Dungeon |   1434 |   1431 |      3 |     93 |    994 |   2 |  717.0 |
               +--------+--------+--------+--------+--------+-----+--------+

Top non-repeatable levels by time:
     D:1: 1072 daAuts
     D:2: 362 daAuts
